 Dungeon Crawl Stone Soup version 0.26-a0-257-g47e9e61525 (webtiles) character file.

Game seed: 9425781602177739698

97847 p0wl the Severer (level 15, -9/139 HPs)
             Began as a Minotaur Berserker on July 9, 2020.
             Was the Champion of Trog.
             Mangled by an azure jelly (34 damage)
             ... on level 1 of the Pits of Slime on July 10, 2020.
             The game lasted 00:39:29 (25500 turns).

p0wl the Severer (Minotaur Berserker)              Turns: 25500, Time: 00:39:29

Health: -9/139     AC: 25    Str: 28    XL:     15   Next: 73%
Magic:  1/14       EV: 17    Int:  4    God:    Trog [******]
Gold:   1310       SH:  0    Dex: 16    Spells: 14/14 levels left

rFire    . . .     SeeInvis .   l - +9 executioner's axe (vorpal)
rCold    . . .     Faith    .   (shield currently unavailable)
rNeg     . . .     Spirit   .   u - +2 plate armour
rPois    .         Reflect  .   m - +2 hat
rElec    .         Harm     .   F - scarf {repulsion}
rCorr    .                      B - +0 pair of gloves
MR       +....                  j - +2 pair of boots
Stlth    ..........             E - amulet of regeneration
HPRegen  0.73/turn              v - +6 ring of strength
MPRegen  0.14/turn              s - +4 ring of slaying

@: confused, repel missiles
A: retaliatory headbutt, horns 2
a: Berserk, Trog's Hand, Brothers in Arms, Renounce Religion


You were on level 1 of the Pits of Slime.
You worshipped Trog.
Trog was exalted by your worship.
You were not hungry.

You visited 4 branches of the dungeon, and saw 24 of its levels.

You collected 2669 gold pieces.
You spent 1359 gold pieces at shops.

Inventory:

Hand Weapons
 l - a +9 vorpal executioner's axe (weapon)
Armour
 j - a +2 pair of boots (worn)
 m - a +2 hat (worn)
 n - a scarf of resistance
 u - a +2 plate armour (worn)
 B - a +0 pair of gloves (worn)
 F - a scarf of repulsion (worn)
Jewellery
 h - an uncursed ring of protection from magic
 s - a +4 ring of slaying (right hand)
 v - a +6 ring of strength (left hand)
 E - an amulet of regeneration (around neck)
 J - an uncursed ring of protection from cold
Wands
 a - a wand of paralysis (16)
 e - a wand of iceblast (29)
 o - a wand of acid (11)
 q - a wand of random effects (49)
 G - a wand of enslavement (5)
Scrolls
 d - 6 scrolls of remove curse
 f - 10 scrolls of teleportation
 i - 4 scrolls of identify
 k - 2 scrolls of holy word
 y - 2 scrolls of summoning
 A - a scroll of blinking
 C - 2 scrolls of magic mapping
Potions
 b - 3 potions of haste
 g - a potion of heal wounds
 p - 2 potions of cancellation
 r - 3 potions of mutation
 t - 2 potions of stabbing
 w - a potion of invisibility
 x - a potion of flight
 z - a potion of might
 D - 3 potions of curing
 I - a potion of berserk rage
Comestibles
 c - 66 rations


   Skills:
 - Level 14.6 Fighting
 * Level 20.6 Axes
 - Level 14.4 Armour
 - Level 14.0 Dodging


You had 14 spell levels left.
You didn't know any spells.
Your spell library was empty.

Dungeon Overview and Level Annotations

Branches:
Dungeon (15/15)            Temple (0/1) D:5            Lair (6/6) D:9
 Shoals (0/4) Lair:2        Snake (0/4) Lair:4        Slime (1/5) Lair:5
    Orc (2/2) D:12            Elf (0/3) Orc:2        Vaults (0/5) D:14
 Depths (0/5) D:15

Altars:
Cheibriados
Dithmenos
Elyvilon
Fedhas
Gozag
Hepliaklqana
Makhleb
Nemelex Xobeh
Qazlal
Ru
Xom
Yredelemnul
Beogh

Shops:
D:12 (   D:13 *   D:14 (   Orc:2 *!?([


Innate Abilities, Weirdness & Mutations

You reflexively headbutt those who attack you in melee.
You have a pair of horns on your head.


Message History

You are more confused.
The golden eye blinks at you.
You easily resist.
You're too confused!
You slice the golden eye!!
You kill the golden eye!
Trog accepts your kill.
You slash the eye of draining! You completely miss the golden eye.
You are splashed with acid!
* * * LOW HITPOINT WARNING * * *
The golden eye blinks at you.
You are more confused.
You feel much better.
You are splashed with acid!
* * * LOW HITPOINT WARNING * * *
The golden eye blinks at you. You resist with almost no effort.
The golden eye blinks!
The azure jelly hits you.
* * * LOW HITPOINT WARNING * * *
The azure jelly freezes you!!
You die...

........^....
..#............#
...............#
...G.......>..#
..... .......##
#..... .......##
#....##.#.....#
#...ยง@.......
#.#G.JG...G...
...............#
...............#
...........##.##
...........# #
...##...#.## ..#
##.#### .# ##


You could see an azure jelly, an eye of draining and 2 golden eyes.

Vanquished Creatures
  An acid blob (Slime:1)
  Nessos (D:13)
  Azrael (D:12)
  An ettin (D:15)
  Snorg (D:14)
  Josephine (D:13)
  11 hydras
  Harold (D:8)
  Erica (D:8)
  Erolcha (D:10)
  4 centaur warriors (D:15)
  3 ogre magi
  18 two-headed ogres
  4 tengu warriors
  Urug (Lair:5)
  6 death yaks (Lair:5)
  A deep elf knight (D:15)
  Nergalle (Lair:1)
  5 skeletal warriors (D:15)
  An unseen horror (D:10)
  2 deep trolls
  A wizard (D:14)
  A wolf spider zombie (D:14)
  2 orc knights (Orc:1)
  4 cyclopes
  An orc sorcerer (D:15)
  9 ugly things
  3 black mambas
  A guardian serpent (Lair:4)
  Maurice (D:12)
  Psyche (D:8)
  A gargoyle (D:14)
  14 cane toads
  3 kobold demonologists (D:15)
  3 centaur skeletons
  7 komodo dragons
  2 rime drakes
  4 efreet
  6 yaktaurs (D:15)
  10 trolls
  2 meliai (Lair:4)
  3 polar bears
  A queen bee (Lair:4)
  A meliai zombie (D:15)
  6 hippogriffs
  4 slime creatures (Slime:1)
  A snapping turtle (Lair:2)
  Prince Ribbit (D:7)
  21 blink frogs
  2 vampires
  7 wyverns
  7 wraiths
  15 yaks
  6 fire elementals (D:12)
  4 basilisks
  5 golden eyes (Slime:1)
  7 vampire mosquitoes
  A warg (Orc:1)
  2 hell hounds (D:12)
  6 water moccasins
  5 porcupines
  A swamp drake (D:12)
  3 ice beasts
  5 sky beasts
  19 orc warriors
  3 black bears
  A necrophage (D:15)
  2 phantoms
  32 ogres
  10 centaurs
  13 crocodiles
  5 big kobolds
  11 bullfrogs
  A wyvern zombie (D:11)
  A gnoll sergeant (Orc:1)
  4 scorpions
  3 wyvern skeletons
  A water moccasin skeleton (D:5)
  36 killer bees
  5 electric eels
  13 wights
  9 howler monkeys
  4 centaur zombies
  3 bullfrog zombies
  A quasit (D:8)
  10 orc priests
  2 bullfrog skeletons
  8 jellies
  5 hounds
  20 orc wizards
  3 iguanas (D:12)
  5 worker ants
  Ijyb (D:3)
  A killer bee zombie (D:9)
  A howler monkey zombie (D:6)
  Robin (D:2)
  12 adders
  4 gnolls (D:9)
  5 shadow imps
  2 white imps
  An ufetubus (D:5)
  11 oozes
  3 worms
  2 dart slugs (D:1)
  6 leopard geckos
  78 orcs
  4 bats
  8 giant cockroaches
  13 goblins
  11 hobgoblins
  6 jackals (D:1)
  28 kobolds
  5 quokkas
  2 ball pythons (D:3)
  8 frilled lizards
  2 leopard gecko skeletons
  A quokka zombie (D:6)
  5 rats
  3 fungi
  3 plants
713 creatures vanquished.

Vanquished Creatures (collateral kills)
  A hydra (D:15)
  A centaur warrior (D:15)
  3 ugly things (D:15)
  A cyclops (D:11)
  2 trolls
  A meliai (Lair:4)
  A necrophage (D:11)
  2 centaurs (D:15)
12 creatures vanquished.

Vanquished Creatures (others)
  A bullfrog (D:6)
  A bullfrog zombie (D:12)
  An iguana (D:6)
  An orc (D:6)
  A fungus (Lair:3)
  3 plants (D:8)
8 creatures vanquished.

Grand Total: 733 creatures vanquished

Notes
Turn   | Place    | Note
-------+----------+-------------------------------------------
     0 | D:1      | p0wl the Minotaur Berserker began the quest for the Orb.
     0 | D:1      | Reached XP level 1. HP: 19/19 MP: 0/0
   106 | D:1      | Reached XP level 2. HP: 24/27 MP: 1/1
   142 | D:1      | Reached skill level 4 in Axes
   395 | D:1      | Reached XP level 3. HP: 23/33 MP: 2/2
  1163 | D:2      | Reached ** piety under Trog
  1173 | D:2      | Found a faded altar of an unknown god.
  1185 | D:2      | Reached XP level 4. HP: 37/40 MP: 3/3
  1496 | D:2      | Noticed Robin
  1510 | D:2      | Killed Robin
  1692 | D:2      | Found an opulent altar of Gozag.
  1840 | D:2      | Found a white marble altar of Elyvilon.
  2086 | D:3      | Reached skill level 5 in Axes
  2390 | D:3      | Noticed Ijyb
  2393 | D:3      | Killed Ijyb
  2393 | D:3      | Reached XP level 5. HP: 36/47 MP: 4/4
  2840 | D:3      | Found a blossoming altar of Fedhas.
  2871 | D:3      | Reached *** piety under Trog
  3360 | D:4      | Noticed a phantom
  3372 | D:4      | Reached XP level 6. HP: 53/55 MP: 5/5
  3375 | D:4      | Reached skill level 6 in Axes
  3389 | D:4      | Reached skill level 5 in Fighting
  3900 | D:4      | Found a stormy altar of Qazlal.
  3914 | D:4      | Reached XP level 7. HP: 61/61 MP: 6/6
  4086 | D:5      | Entered Level 5 of the Dungeon
  4116 | D:5      | Found a staircase to the Ecumenical Temple.
  4133 | D:5      | Reached **** piety under Trog
  4506 | D:5      | Reached skill level 7 in Axes
  4679 | D:5      | Reached skill level 5 in Armour
  5074 | D:5      | Reached skill level 5 in Dodging
  5085 | D:5      | Reached XP level 8. HP: 69/70 MP: 7/7
  5095 | D:5      | Found a shadowy altar of Dithmenos.
  5141 | D:5      | Reached skill level 8 in Axes
  5855 | D:6      | Reached skill level 9 in Axes
  5933 | D:6      | Found a hazy altar of Hepliaklqana.
  6249 | D:6      | Reached ***** piety under Trog
  6255 | D:6      | Found a shimmering altar of Xom.
  6657 | D:7      | Reached XP level 9. HP: 79/79 MP: 8/8
  6782 | D:7      | Noticed Prince Ribbit
  6793 | D:7      | Killed Prince Ribbit
  7632 | D:7      | Reached skill level 10 in Axes
  7683 | D:7      | Found a snail-covered altar of Cheibriados.
  7799 | D:8      | Noticed Psyche
  7802 | D:8      | Noticed Erica
  7811 | D:8      | Killed Psyche
  7812 | D:8      | Killed Erica
  7894 | D:8      | Reached skill level 11 in Axes
  7934 | D:8      | Noticed a two-headed ogre
  7942 | D:8      | Found a basalt altar of Yredelemnul.
  7997 | D:8      | Killed a two-headed ogre
  7997 | D:8      | Reached XP level 10. HP: 25/90 MP: 3/9
  8774 | D:8      | Noticed Harold
  8800 | D:8      | Killed Harold
  8800 | D:8      | Received a gift from Trog
  8800 | D:8      | Reached skill level 12 in Axes
 10010 | D:9      | Found a sacrificial altar of Ru.
 10297 | D:9      | Found a staircase to the Lair.
 10486 | D:10     | Entered Level 10 of the Dungeon
 10530 | D:10     | Noticed Erolcha
 10546 | D:10     | Killed Erolcha
 10736 | D:10     | Reached XP level 11. HP: 99/99 MP: 10/10
 11212 | D:10     | Killed an unseen horror
 11212 | D:10     | Reached skill level 13 in Axes
 11504 | D:11     | Reached skill level 10 in Fighting
 11859 | D:11     | Reached skill level 10 in Armour
 12075 | D:11     | Noticed a four-headed hydra
 12085 | D:11     | Killed an 11-headed hydra
 12736 | D:12     | Reached skill level 14 in Axes
 13012 | Lair:1   | Entered Level 1 of the Lair of Beasts
 13372 | Lair:1   | Noticed an eight-headed hydra
 13382 | Lair:1   | Killed a 14-headed hydra
 13661 | Lair:1   | Noticed Nergalle
 13679 | Lair:1   | Killed Nergalle
 13679 | Lair:1   | Reached skill level 10 in Dodging
 13679 | Lair:1   | Reached XP level 12. HP: 40/110 MP: 5/11
 13685 | Lair:1   | HP: 3/110 [poisoned by a cane toad]
 15363 | Lair:2   | Found a staircase to the Shoals.
 15594 | Lair:3   | Reached skill level 15 in Axes
 16063 | Lair:3   | Noticed an eight-headed hydra
 16079 | Lair:3   | Killed a 15-headed hydra
 16270 | Lair:3   | Received a gift from Trog
 16859 | Lair:4   | Reached skill level 16 in Axes
 17192 | Lair:4   | Noticed a seven-headed hydra
 17200 | Lair:4   | Reached XP level 13. HP: 118/118 MP: 4/12
 17225 | Lair:4   | Found a staircase to the Snake Pit.
 18173 | Lair:5   | Found a staircase to the Slime Pits.
 18218 | Lair:5   | Noticed Urug
 18231 | Lair:5   | Killed Urug
 18929 | Lair:5   | Identified 2 scrolls of acquirement
 18935 | Lair:5   | Acquired the ring "Achad" {Int+2 Dex+4 SInv}
 18936 | Lair:5   | Acquired 580 gold pieces
 18966 | Lair:6   | Entered Level 6 of the Lair of Beasts
 19027 | Lair:6   | Reached skill level 17 in Axes
 20509 | D:12     | Found a staircase to the Orcish Mines.
 20680 | D:12     | Found Maighicu's Weapon Shop.
 20686 | D:12     | Reached XP level 14. HP: 129/129 MP: 4/13
 20782 | D:12     | Noticed Azrael
 20786 | D:12     | Noticed Maurice
 20793 | D:12     | Killed Azrael
 20804 | D:12     | Killed Maurice
 20917 | D:13     | Found a burning altar of Makhleb.
 20942 | D:13     | Found Kimamma's Demolitions Depot.
 21065 | D:13     | Noticed Nessos
 21077 | D:13     | Killed Nessos
 21249 | D:13     | Reached skill level 18 in Axes
 21353 | D:13     | Noticed Josephine
 21362 | D:13     | Killed Josephine
 21804 | D:14     | Reached ****** piety under Trog
 21910 | D:14     | Found Joblouch's Antique Weapon Boutique.
 21916 | D:14     | Bought a glowing battleaxe for 313 gold pieces
 21916 | D:14     | Bought a glowing battleaxe for 313 gold pieces
 22021 | D:14     | Found a sparkling altar of Nemelex Xobeh.
 22136 | D:14     | Noticed Snorg
 22147 | D:14     | Killed Snorg
 22387 | D:14     | Found a gate to the Vaults.
 22702 | D:14     | Upgraded the game from 0.26-a0-252-gb32a1a6195 to
                  | 0.26-a0-257-g47e9e61525
 22715 | D:15     | Entered Level 15 of the Dungeon
 22750 | D:15     | Received a gift from Trog
 23167 | D:15     | Reached skill level 19 in Axes
 23238 | D:15     | Reached XP level 15. HP: 139/139 MP: 14/14
 23331 | D:15     | Found a staircase to the Depths.
 24019 | Orc:1    | Entered Level 1 of the Orcish Mines
 24132 | Orc:2    | Entered Level 2 of the Orcish Mines
 24144 | Orc:2    | Received a gift from Trog
 24430 | Orc:2    | Reached skill level 20 in Axes
 24622 | Orc:2    | Received a gift from Trog
 24842 | Orc:2    | Found a roughly hewn altar of Beogh.
 24851 | Orc:2    | Found a staircase to the Elven Halls.
 24986 | Orc:2    | Found Raoni's Magic Scroll Boutique.
 24991 | Orc:2    | Found Ludur's Weapon Boutique.
 24992 | Orc:2    | Found Zaebotwao's General Store.
 24992 | Orc:2    | Found Naojamam's Distillery.
 25004 | Orc:2    | Bought a scroll of identify for 30 gold pieces
 25004 | Orc:2    | Bought a potion of curing for 45 gold pieces
 25009 | Orc:2    | Bought a potion of heal wounds for 50 gold pieces
 25009 | Orc:2    | Bought a potion of heal wounds for 50 gold pieces
 25009 | Orc:2    | Bought a potion of heal wounds for 50 gold pieces
 25020 | Orc:2    | Bought a scroll of enchant armour for 112 gold pieces
 25020 | Orc:2    | Bought a scroll of identify for 30 gold pieces
 25020 | Orc:2    | Bought a scroll of enchant weapon for 112 gold pieces
 25020 | Orc:2    | Bought a scroll of enchant weapon for 112 gold pieces
 25020 | Orc:2    | Bought a scroll of summoning for 142 gold pieces
 25049 | Orc:2    | Found Aloedwou's Antique Armour Boutique.
 25481 | Slime:1  | Entered Level 1 of the Pits of Slime
 25481 | Slime:1  | Noticed an acid blob
 25491 | Slime:1  | Killed an acid blob
 25494 | Slime:1  | Noticed an azure jelly
 25500 | Slime:1  | Mangled by an azure jelly

Illustrated notes

Levels and vault maps discovered:
D:1:      saegor_arrival_simple_c, layout_basic
D:2:      mumra_celtic_spiral_tile, layout_basic, elyvilon_altar_1,
          chequers_ecumenical_altar_island, first_ration,
          nicolae_gozag_seed_capital, uniq_robin
D:3:      layout_basic, fedhas_altar_2, serial_forest,
          infiniplex_forest_lined_room_, infiniplex_forest_fountain,
          infiniplex_forest_clump_double, infiniplex_forest_end_double,
          uniq_ijyb
D:4:      layout_loops_ring, kennysheep_little_box
D:5:      layout_gridville, lemuel_doored_altar, minmay_temple_entry_hall
D:6:      layout_loops_ring, lemuel_round_altar, xom_confusion_cloud
D:7:      layout_loops_corners, slow_altar_2, uniq_prince_ribbit1
D:8:      layout_basic, nicolae_overflow_crystal_walls,
          hangedman_little_slice_of_home, serial_bayou_pond_c,
          water_maze_lemuel, uniq_erica, uniq_harold, uniq_psyche
D:9:      layout_loops_cross, lair_entry_dummy, nicolae_ru_sacrificial_ziggurat
D:10:     layout_roguey, mrwooster_statue_mirror, uniq_erolcha
D:11:     layout_loops_ring, gauntlet_entry_generic, dk_noncrumbling_4
D:12:     layout_roguey, erik_orc_1, serial_shops, shop, special_room
          [special_room_orc], uniq_maurice, uniq_azrael
D:13:     layout_rooms, basic_altar, nicolae_blasting_shop, uniq_josephine,
          uniq_nessos
D:14:     layout_layer_cave, david_vaults_1, serial_shops, shop,
          nemelex_xobeh_ov_fountains_minmay, uniq_snorg
D:15:     hangedman_depths_entry_civil_slaughter, layout_irregular_city,
          minivault_23, minivault_27
Lair:1:   layout_gridlike, grunt_megastairs_5, infiniplex_staircase_pool_2,
          uniq_nergalle
Lair:2:   layout_chaotic_city, minmay_shoals_entry_hut
Lair:3:   layout_gridlike, nicolae_quartered_pool_super
Lair:4:   layout_cave_pods, minmay_snake_entry_spellcaster, special_room
          [special_room_bee], grunt_megastairs_4
Lair:5:   layout_roguey, nicolae_slime_entry_slimehenge, uniq_urug
Lair:6:   due_jungle_book, layout_regular_city, serial_bayou_lagoon_b
Slime:1:  layout_caves
Orc:1:    layout_diamond_mine
Orc:2:    st_orc_open, layout_diamond_mine, serial_shops, shop, basic_altar,
          sword_in_stone

Skill      XL: |  1  2  3  4  5  6  7  8  9 10 11 12 13 14 15 |
---------------+----------------------------------------------+-----
Axes           | 4 5 6 7 9 11 12 14 16 17 19 20 | 20.6
Fighting       | 4 5 6 7 8 9 11 12 13 14 | 14.6
Armour         | 3 4 5 6 8 9 10 11 13 14 | 14.4
Dodging        | 3 4 5 6 7 8 10 11 12 13 14 | 14.0

Action                   |  1- 3 |  4- 6 |  7- 9 | 10-12 | 13-15 || total
-------------------------+-------+-------+-------+-------+-------++-------
Melee: Hand axe          |    66 |   118 |   220 |     2 |       ||   406
       Headbutt          |    12 |    20 |    53 |   181 |   176 ||   442
       War axe           |       |       |       |   589 |       ||   589
       Battleaxe         |       |       |       |    61 |   547 ||   608
       Executioner's axe |       |       |       |       |    89 ||    89
Invok: Berserk           |       |     2 |     3 |     5 |    13 ||    23
       Trog's Hand       |       |       |     4 |     3 |     5 ||    12
       Brothers in Arms  |       |       |       |     2 |     3 ||     5
  Use: Scroll            |       |     5 |     4 |    20 |    17 ||    46
       Potion            |       |     3 |     4 |     4 |     6 ||    17
  Eat: Ration            |     1 |     2 |     4 |     8 |     7 ||    22
Armor: Animal skin       |    20 |     1 |       |       |       ||    21
       Scale mail        |       |    26 |    17 |       |       ||    43
       Chain mail        |       |       |    62 |    36 |       ||    98
       Plate armour      |       |       |       |   298 |   494 ||   792
Dodge: Dodged            |    41 |    67 |   105 |   394 |   648 ||  1255

Table legend:
 A = Non-vault XP
 B = Vault XP
 C = Vault XP percentage of total XP
 D = Non-vault monster count
 E = Vault monster count
 F = Vault count percentage of total count
                 A         B        C        D         E       F
            +---------+---------+-------+---------+---------+-------
      Total |   96636 |   43146 |  30.9 |     548 |     171 |  23.8
            +---------+---------+-------+---------+---------+-------
        D:1 |      65 |       0 |   0.0 |      30 |       0 |   0.0
        D:2 |      47 |      29 |  38.2 |      18 |       9 |  33.3
        D:3 |      53 |      36 |  40.4 |      20 |       1 |   4.8
        D:4 |     514 |       0 |   0.0 |      27 |       0 |   0.0
        D:5 |     806 |       0 |   0.0 |      22 |       0 |   0.0
        D:6 |     952 |     238 |  20.0 |      23 |       5 |  17.9
        D:7 |     454 |     242 |  34.8 |      18 |       2 |  10.0
        D:8 |    2225 |    2527 |  53.2 |      36 |      11 |  23.4
        D:9 |    1816 |       0 |   0.0 |      35 |       0 |   0.0
       D:10 |    1133 |     945 |  45.5 |       9 |       1 |  10.0
       D:11 |    4821 |       0 |   0.0 |      36 |       0 |   0.0
       D:12 |    6451 |    4627 |  41.8 |      36 |      45 |  55.6
       D:13 |    6344 |    3086 |  32.7 |      17 |       5 |  22.7
       D:14 |    7670 |    3053 |  28.5 |      20 |       4 |  16.7
       D:15 |   21068 |    5156 |  19.7 |      52 |       6 |  10.3
     Lair:1 |    3164 |    1158 |  26.8 |      10 |       3 |  23.1
     Lair:2 |    2476 |     244 |   9.0 |      11 |       1 |   8.3
     Lair:3 |    7719 |       0 |   0.0 |      27 |       0 |   0.0
     Lair:4 |    5006 |    3686 |  42.4 |      17 |      28 |  62.2
     Lair:5 |    7236 |    1022 |  12.4 |      12 |       8 |  40.0
     Lair:6 |    8601 |       0 |   0.0 |      25 |       0 |   0.0
    Slime:1 |    4161 |       0 |   0.0 |      10 |       0 |   0.0
      Orc:1 |    2051 |    8031 |  79.7 |      18 |      22 |  55.0
      Orc:2 |    1803 |    9066 |  83.4 |      19 |      20 |  51.3
            +---------+---------+-------+---------+---------+-------
